 Dungeon Crawl Stone Soup version 0.30-a0-39-g42789b21ef (webtiles) character file.

Game seed: 13708916305147343758

3540 Murumi the Blocker (level 10, -2/79 HPs)
             Began as a Formicid Fighter on Aug 29, 2022.
             Was a Priest of Jiyva.
             Killed by vampiric draining
             ... invoked by a vampire
              (13 damage)
             ... on level 9 of the Dungeon.
             The game lasted 00:31:25 (9255 turns).

Murumi the Blocker (Formicid Fighter)               Turns: 9255, Time: 00:31:25

Health: -2/79      AC: 21    Str: 20    XL:     10   Next: 29%
Magic:  19/19      EV:  6    Int: 13    God:    Jiyva [***...]
Gold:   231        SH:  7    Dex: 13    Spells: 9/9 levels left

rFire   . . .      SeeInvis +    a - +1 flail
rCold   . . .      Faith    .    c - +1 buckler
rNeg    . . .      Spirit   .    p - +0 plate armour
rPois   .          Reflect  .    (helmet unavailable)
rElec   .          Harm     .    k - +0 cloak
rCorr   +          Rampage  .    (no gloves)
Will    +....                    m - +0 pair of boots
Stlth   ..........               (no amulet)
HPRegen 1.35/turn                n - ring of magical power
MPRegen 0.51/turn                (no ring)

@: no status effects
A: permanent stasis, dig shafts and tunnels, antennae 3, four strong arms,
iridescent scales 3, acidic bite
a: Dig, Shaft Self, Renounce Religion, Oozemancy


You were on level 9 of the Dungeon.
You worshipped Jiyva.
Jiyva was most pleased with you.
You visited 2 branches of the dungeon, and saw 10 of its levels.
You also visited: Sewer.

You collected 231 gold pieces.

Inventory:

Hand Weapons
 a - a +1 flail (weapon)
 j - a +0 whip
Missiles
 g - 55 stones (quivered)
 t - 15 boomerangs
 v - 4 throwing nets
 w - 9 poisoned darts
Armour
 c - a +1 buckler (worn)
 k - a +0 cloak (worn)
 m - a +0 pair of boots (worn)
 p - a +0 plate armour (worn)
Jewellery
 n - a ring of magical power (left hand)
Scrolls
 l - 2 scrolls of amnesia
 q - a scroll of silence
 r - a scroll of magic mapping
Potions
 b - a potion of resistance
 d - 5 potions of might
 e - 8 potions of curing
 f - 3 potions of heal wounds
 h - 3 potions of brilliance
 i - a potion of attraction
 o - a potion of mutation
 s - a potion of degeneration {unknown}
 u - a potion of berserk rage {unknown}
 x - a potion of flight {unknown}


   Skills:
 - Level 7.0 Fighting
 - Level 6.0 Maces & Flails
 - Level 6.0 Throwing
 - Level 7.0 Armour
 - Level 2.0 Dodging
 + Level 4.2 Stealth
 - Level 10.0 Shields


You had 9 spell levels left.
You didn't know any spells.
Your spell library contained the following spells:

 Spells                   Type           Power      Damage    Failure   Level
 Magic Dart               Conj           0%         1d3       100%        1
 Sting                    Tmut/Pois      0%         1d3       100%        1
 Poisonous Vapours        Pois/Air       0%         N/A       100%        2
 Searing Ray              Conj           0%         2d4       100%        2
 Call Canine Familiar     Summ           0%         N/A       100%        3
 Conjure Flame            Conj/Fire      0%         6-21      100%        3
 Dazzling Flash           Conj/Hex       0%         N/A       100%        3
 Ignite Poison            Fire/Tmut/Pois 0%         N/A       100%        3
 Portal Projectile        Hex/Tloc       0%         N/A       100%        3
 Fulminant Prism          Conj/Hex       0%         3d6       100%        4
 Leda's Liquefaction      Hex/Erth       0%         N/A       100%        4
 Olgreb's Toxic Radiance  Pois           0%         N/A       100%        4
 Sticky Flame             Conj/Fire      0%         2d3       100%        4
 Agony                    Necr           0%         N/A       100%        5
 Alistair's Intoxication  Tmut/Pois      0%         N/A       100%        5
 Borgnjor's Vile Clutch   Necr/Erth      0%         N/A       100%        5
 Silence                  Hex/Air        0%         N/A       100%        5
 Conjure Ball Lightning   Conj/Air       0%         3x3d6     100%        6
 Eringya's Noxious Bog    Tmut/Pois      0%         N/A       100%        6
 Discord                  Hex            0%         N/A       100%        8
 Disjunction              Tloc           0%         N/A       100%        8


Dungeon Overview and Level Annotations

Branches:
Dungeon (9/15)             Temple (1/1) D:6           Sewer (visited)
   Lair: D:8-11         Orc: D:9-12

Altars:
Ashenzari
Cheibriados
Dithmenos
Elyvilon
Fedhas
Gozag
Hepliaklqana
Kikubaaqudgha
Makhleb
Nemelex Xobeh
Okawaru
Qazlal
Ru
Sif Muna
Trog
Uskayaw
Vehumet
Wu Jian
Xom
Yredelemnul
Zin
The Shining One

Shops:
D:9 [(


Innate Abilities, Weirdness & Mutations

You cannot be hasted, slowed, berserked, paralysed or teleported.
You can dig through walls and to a lower floor.
You have a pair of large antennae on your head. (SInv)
Your four strong arms can wield two-handed weapons with a shield.
You are completely covered in iridescent scales. (AC +6)
You have acidic saliva.


Message History

The vampire draws strength from your injuries!
You hit the vampire but do no damage.
The vampire is moderately damaged.
You block the vampire's attack.
The vampire bites you but does no damage.
You sock the vampire! Your bite misses the vampire.
The vampire is severely damaged.
The vampire hits you but does no damage.
The vampire bites you but does no damage.
You hit the vampire but do no damage.
The vampire is severely damaged.
The vampire hits you.
* * * LOW HITPOINT WARNING * * *
The vampire bites you.
* * * LOW HITPOINT WARNING * * *
The vampire draws strength from your injuries!
You hit the vampire.
The vampire is severely damaged.
The vampire hits you.
* * * LOW HITPOINT WARNING * * *
The vampire bites you.
* * * LOW HITPOINT WARNING * * *
The vampire draws strength from your injuries!
You closely miss the vampire. You bite the vampire, but do no damage.
The vampire is severely damaged.
You block the vampire's attack. The vampire barely misses you.
You hit the vampire but do no damage.
The vampire is severely damaged.
You block the vampire's attack. The vampire bites you.
* * * LOW HITPOINT WARNING * * *
The vampire draws strength from your injuries!
The vampire hits you.
* * * LOW HITPOINT WARNING * * *
The vampire bites you.
* * * LOW HITPOINT WARNING * * *
The vampire draws strength from your injuries!
You hit the vampire.
The vampire is heavily damaged.
The vampire draws life force from you!
You die...

........#######
...8.[..†...?.#
.......######.#
.#####.# #.# . #y#
#.######## . #y#
#......... . #.#
#..######
#y######..#######..
.........!.@V......
..................
.################


You could see a vampire (invisible).

Vanquished Creatures
  Joseph (D:8)
  A wyvern (D:7)
  A water moccasin (D:6)
  An acid dragon (D:8)
  A sky beast (D:7)
  2 orc warriors
  4 ice beasts
  A centaur (D:7)
  6 bullfrogs
  A necrophage (D:6)
  2 gnoll sergeants (D:7)
  4 wights (D:7)
  6 killer bees (D:9)
  7 hounds
  2 jellies (Sewer)
  An orc priest (D:8)
  Crazy Yiuf (D:2)
  3 gnoll boudas
  5 iguanas
  6 orc wizards
  9 adders
  24 gnolls
  3 river rats
  An ufetubus (D:7)
  4 worms
  2 dart slugs
  22 orcs
  9 bats
  17 endoplasms
  8 giant cockroaches
  9 goblins
  3 hobgoblins
  7 jackals
  3 kobolds
  4 quokkas
  13 ball pythons
  4 frilled lizards
  8 rats
206 creatures vanquished.

Vanquished Creatures (others)
  A water moccasin (D:8)
  A black bear (D:6)
  An orc warrior (D:5)
  An ogre (D:5)
  6 jellies
  An orc priest (D:5)
  An iguana (D:6)
  5 orc wizards (D:5)
  7 gnolls
  9 orcs
33 creatures vanquished.

Grand Total: 239 creatures vanquished

Notes
Turn   | Place    | Note
-------+----------+-------------------------------------------
     0 | D:1      | Murumi the Formicid Fighter began the quest for the Orb.
     0 | D:1      | Reached XP level 1. HP: 18/18 MP: 1/1
   344 | D:1      | Reached XP level 2. HP: 25/25 MP: 2/2
   566 | D:1      | Found a faded altar of an unknown god.
   627 | D:1      | Reached XP level 3. HP: 30/30 MP: 3/3
  1320 | D:2      | Reached skill level 1 in Stealth
  1425 | D:2      | Reached skill level 1 in Throwing
  1557 | D:2      | Reached XP level 4. HP: 37/37 MP: 4/4
  1823 | D:2      | Found a runed translucent door.
  1824 | D:2      | Noticed Crazy Yiuf
  2165 | D:2      | Killed Crazy Yiuf
  2166 | D:2      | Reached skill level 1 in Dodging
  2488 | D:2      | Reached XP level 5. HP: 39/42 MP: 5/5
  3215 | D:3      | Found a glowing silver altar of Zin.
  3313 | D:4      | Found a bloodstained altar of Trog.
  3430 | D:4      | Found a hide-covered altar of Uskayaw.
  3431 | D:4      | Found an ornate altar of the Wu Jian Council.
  3431 | D:4      | Found a snail-covered altar of Cheibriados.
  3444 | D:4      | Reached XP level 6. HP: 48/48 MP: 6/6
  3455 | D:4      | Found an opulent altar of Gozag.
  3455 | D:4      | Found a shadowy altar of Dithmenos.
  3455 | D:4      | Found a burning altar of Makhleb.
  3456 | D:4      | Found a radiant altar of Vehumet.
  3732 | D:4      | Reached skill level 5 in Shields
  4323 | D:4      | Reached skill level 6 in Shields
  4480 | D:5      | Entered Level 5 of the Dungeon
  4491 | D:4      | Reached XP level 7. HP: 54/54 MP: 7/7
  4593 | D:5      | Found a glowing drain.
  4620 | Sewer    | Entered a sewer
  5161 | Sewer    | Found a viscous altar of Jiyva.
  5238 | Sewer    | Became a worshipper of Jiyva Jezojyik the Shapeless
  6070 | D:5      | Reached * piety under Jiyva
  6333 | D:5      | Reached skill level 5 in Fighting
  6333 | D:5      | Reached XP level 8. HP: 61/62 MP: 8/8
  6417 | D:6      | Reached skill level 5 in Armour
  6528 | D:6      | Reached skill level 7 in Shields
  6594 | D:6      | Found a staircase to the Ecumenical Temple.
  6628 | Temple   | Entered the Ecumenical Temple
  6946 | D:7      | Reached skill level 8 in Shields
  7021 | D:7      | Noticed a wyvern
  7031 | D:7      | Killed a wyvern
  7099 | D:7      | HP: 2/55 [wight/+3 battleaxe of freezing (1)]
  7108 | D:7      | Reached skill level 5 in Maces & Flails
  7108 | D:7      | Reached XP level 9. HP: 20/59 MP: 9/9
  7257 | D:7      | Reached skill level 5 in Throwing
  7423 | D:7      | Reached ** piety under Jiyva
  7749 | D:7      | Reached skill level 9 in Shields
  8253 | D:8      | Noticed Joseph
  8299 | D:8      | Killed Joseph
  8300 | D:8      | Reached XP level 10. HP: 44/79 MP: 10/10
  8682 | D:8      | Reached *** piety under Jiyva
  8904 | D:8      | Gained mutation: You are partially covered in iridescent
                  | scales. (AC +2) [Jiyva's grace]
  8904 | D:8      | Gained mutation: You are mostly covered in iridescent
                  | scales. (AC +4) [Jiyva's grace]
  8904 | D:8      | Gained mutation: You are completely covered in iridescent
                  | scales. (AC +6) [Jiyva's grace]
  8904 | D:8      | Gained mutation: You have acidic saliva. [Jiyva's grace]
  9041 | D:9      | Found Adeugor's Armour Shop.
  9120 | D:9      | Found Teyte's Weapon Shoppe.
  9188 | D:9      | Reached skill level 10 in Shields
  9255 | D:9      | Killed from afar by a vampire

Illustrated notes

Levels and vault maps discovered:
D:1:      arrival_zaba_pyramid, layout_basic,
          shapermc_ecumenical_altar_totnotflames
D:2:      layout_basic, uniq_crazy_yiuf_cottage
D:3:      layout_basic, zin_statuary, serial_glass, glass_columns_a,
          glass_columns_b
D:4:      layout_loops_ring, grunt_temple_overflow_open
D:5:      layout_cave_pods, portal_sewer_entry_a
D:6:      layout_cave_pools, minmay_temple_entry_mini_moons, st_stairs_1,
          kennysheep_generic_room_15
D:7:      layout_cave_pools, serial_gnoll_camp, gnoll_camp_mini_hut,
          gnoll_camp_mini_loothouse, gnoll_camp_medium_02, gnoll_camp_medium_01
D:8:      layout_loops_ring, uniq_joseph
D:9:      layout_loops_ring, serial_shops, nicolae_stop_n_shop_2, shop,
          nicolae_stop_n_shop_2, uniq_prince_ribbit1
Temple:   cyrus_circular_temple

Skill      XL: |  1  2  3  4  5  6  7  8  9 10 |
---------------+-------------------------------+-----
Fighting       | 4 5 7 |  7.0
Armour         | 4 5 7 |  7.0
Stealth        | 1 2 3 4 |  4.2
Throwing       | 1 2 3 4 5 6 |  6.0
Dodging        | 1 2 |  2.0
Maces & Flails | 3 4 5 6 |  6.0
Shields        | 6 8 9 10 | 10.0

Action                   |  1- 3 |  4- 6 |  7- 9 | 10-12 || total
-------------------------+-------+-------+-------+-------++-------
Melee: Flail             |   112 |   174 |   524 |   177 ||   987
       Bite              |       |       |       |    18 ||    18
Throw: Stone             |       |    12 |     8 |       ||    20
       Boomerang         |       |       |    11 |       ||    11
 Abil: Dig               |       |     1 |     2 |       ||     3
  Use: Scroll            |     6 |     8 |     5 |     1 ||    20
       Potion            |       |       |     2 |       ||     2
Armor: Scale mail        |    55 |    40 |       |       ||    95
       Chain mail        |       |    18 |       |       ||    18
       Plate armour      |       |    19 |   251 |   125 ||   395
Dodge: Dodged            |    66 |    60 |   130 |    49 ||   305
Block: Buckler           |    44 |    46 |   162 |    76 ||   328

Table legend: (Time is in decaauts)
 A = Elapsed time spent in this place.
 B = Non-inter-level travel time spent in this place.
 C = Inter-level travel time spent in this place.
 D = Time resting spent in this place.
 E = Time spent auto-exploring this place.
 F = Levels seen in this place.
 G = Mean time per level.
                   A        B        C        D        E       F      G
               +--------+--------+--------+--------+--------+-----+--------+
         Total |   9520 |   8779 |    741 |    222 |   6281 |  11 |  865.5 |
       Dungeon |   8781 |   8048 |    733 |    222 |   5804 |   9 |  975.7 |
        Temple |     50 |     42 |      8 |      0 |     35 |   1 |   50.0 |
         Sewer |    689 |    689 |      0 |      0 |    442 |   1 |  689.0 |
               +--------+--------+--------+--------+--------+-----+--------+

Top non-repeatable levels by time:
     D:1: 1361 daAuts
     D:7: 1269 daAuts
     D:4: 1247 daAuts
     D:5: 1197 daAuts
     D:2: 1185 daAuts
     D:8: 929 daAuts
     D:3: 831 daAuts
   Sewer: 689 daAuts
     D:6: 597 daAuts
     D:9: 161 daAuts
  Temple: 50 daAuts
